 Dungeon Crawl Stone Soup version 0.29.1-15-g9cfb28693d (webtiles) character file.

Game seed: 9358091407842813314

879 EarthwalkerPL the Trooper (level 7, -17/64 HPs)
             Began as a Minotaur Fighter on Apr 27, 2023.
             Demolished by an ogre
             ... wielding a +0 giant club
              (22 damage)
             ... on level 5 of the Dungeon.
             The game lasted 00:04:57 (4476 turns).

EarthwalkerPL the Trooper (Minotaur Fighter)        Turns: 4476, Time: 00:04:57

Health: -17/64     AC: 11    Str: 22    XL:     7   Next: 75%
Magic:  0/6        EV:  9    Int:  5    God:
Gold:   204        SH:  5    Dex: 10    Spells: 6/6 levels left

rFire   + . .      SeeInvis .   a - +0 war axe
rCold   . . .      Faith    .   c - +0 buckler
rNeg    . . .      Spirit   +   n - +0 scale mail {rF+}
rPois   .          Reflect  .   (helmet restricted)
rElec   .          Harm     .   (no cloak)
rCorr   .          Rampage  .   (no gloves)
Will    .....                   A - +2 pair of boots
Stlth   ..........              k - amulet of guardian spirit
HPRegen 0.20/turn               (no ring)
MPRegen 0.10/turn               (no ring)

@: no status effects
A: horns 2, retaliatory headbutt
a: no special abilities


You were on level 5 of the Dungeon.
You visited 1 branch of the dungeon, and saw 5 of its levels.

You collected 204 gold pieces.

Inventory:

Hand Weapons
 a - a +0 war axe (weapon)
Missiles
 B - 7 curare-tipped darts (quivered)
 H - 5 poisoned darts
Armour
 b - a +0 scale mail
 c - a +0 buckler (worn)
 n - a +0 scale mail of fire resistance (worn)
 A - a +2 pair of boots (worn)
Jewellery
 k - an amulet of guardian spirit (around neck)
Wands
 h - a wand of mindburst (13)
Scrolls
 f - 5 scrolls of identify {unknown}
 g - a scroll of enchant weapon {unknown}
 l - 2 scrolls of vulnerability {unknown}
 m - a scroll of torment {unknown}
 o - 2 scrolls of fear {unknown}
 t - a scroll of blinking {unknown}
 u - a scroll of amnesia {unknown}
 v - 2 scrolls of enchant armour {unknown}
 x - a scroll of magic mapping {unknown}
 y - 2 scrolls of summoning {unknown}
 z - 2 scrolls of teleportation {unknown}
 D - a scroll of poison {unknown}
 G - 2 scrolls of immolation {unknown}
Potions
 d - 3 potions of might
 e - 3 potions of curing {unknown}
 i - a potion of lignification {unknown}
 j - 2 potions of flight {unknown}
 p - 2 potions of haste {unknown}
 q - a potion of cancellation {unknown}
 r - 2 potions of heal wounds {unknown}
 s - 3 potions of mutation {unknown}
 w - a potion of resistance {unknown}
 C - a potion of invisibility {unknown}
 E - a potion of attraction {unknown}
 F - a potion of ambrosia {unknown}


   Skills:
 * Level 6.7 Fighting
 * Level 6.0 Axes
 * Level 6.7 Armour
 + Level 5.4 Shields


You had 6 spell levels left.
You didn't know any spells.
Your spell library contained the following spells:

 Spells                   Type           Power      Damage    Failure   Level
 Conjure Flame            Conj/Fire      0%         6-21      99%         3
 Ignite Poison            Fire/Tmut/Pois 0%         N/A       99%         3
 Ozocubu's Armour         Ice            0%         N/A       99%         3
 Sticky Flame             Conj/Fire      0%         2d3       100%        4
 Metabolic Englaciation   Hex/Ice        0%         N/A       100%        5
 Simulacrum               Ice/Necr       0%         N/A       100%        6
 Ozocubu's Refrigeration  Ice            0%         4d7       100%        7


Dungeon Overview and Level Annotations

Branches:
Dungeon (5/15)
 Temple: D:4-7

Altars:
Kikubaaqudgha
Makhleb

Shops:
D:4 ?

Annotations:
D:3 1 runed translucent door, aduken's ghost, weakling GnWn


Innate Abilities, Weirdness & Mutations

You have a pair of horns on your head.
You reflexively headbutt those who attack you in melee.


Message History

The water moccasin skeleton bites you but does no damage.
The ogre barely misses you.
A magic dart appears from out of thin air!
The magic dart hits you!
The orc priest looks satisfied for a moment.
The centaur skeleton hits you.
The centaur skeleton kicks you but does no damage.
Unknown command.
You slash the centaur skeleton! You headbutt the centaur skeleton.
The centaur skeleton is heavily damaged.
You hit the water moccasin skeleton. You barely miss the orc priest.
The water moccasin skeleton bites you but does no damage.
The orc priest mumbles some strange prayers to Beogh against you.
Beogh smites you!
* * * LOW HITPOINT WARNING * * *
The water moccasin skeleton bites you but does no damage.
You hear some strange, mumbled words.
Something tries to affect you, but you resist.
The orc priest closely misses you.
You slice the ogre!! Your headbutt misses the ogre.
The ogre is almost dead.
You closely miss the orc priest. You miss something.
You barely miss the water moccasin skeleton.
The water moccasin skeleton barely misses you.
Something hits you but does no damage. The ogre hits you with a +0 giant club!
* * * LOW HITPOINT WARNING * * *
The orc priest hits you but does no damage.
You hit the ogre.
The ogre is almost dead.
You slash something!
Reactivating autopickup.
You feel a bit more experienced.
You barely miss the water moccasin skeleton.
You miss the orc priest.
You feel less confused. The water moccasin skeleton bites you.
* * * LOW HITPOINT WARNING * * *
The orc priest casts a cantrip, but nothing happens.
The ogre hits you with a +0 giant club!!
You die...

#....... #.. ...
#..... #.#'# #...
####)####
#..Z))..#
##.ZoO...##
+...@)....+
#.........##
#...........#
###.......###
#.#+#...#'#.# #
##...#####...## +
+......#......+
##
##......#......##
.#
#.......#.......#


You could see an ogre, an orc priest, a water moccasin skeleton and a centaur
skeleton.

Vanquished Creatures
  Grinder (D:3)
  A water moccasin (D:5)
  An ogre (D:5)
  A centaur (D:5)
  A kobold brigand (D:3)
  2 scorpions (D:4)
  An orc priest (D:5)
  3 orc wizards
  Ijyb (D:3)
  3 adders
  2 dart slugs
  8 orcs
  5 ball pythons
  12 endoplasms
  6 giant cockroaches
  9 goblins
  8 hobgoblins
  2 jackals (D:1)
  10 kobolds
  3 quokkas
  4 bats
  2 frilled lizards (D:2)
  4 rats
90 creatures vanquished.

Vanquished Creatures (others)
  An orc (D:5)
  3 withered plants (D:5)
4 creatures vanquished.

Grand Total: 94 creatures vanquished

Notes
Turn   | Place    | Note
-------+----------+-------------------------------------------
     0 | D:1      | EarthwalkerPL the Minotaur Fighter began the quest for the
                  | Orb.
     0 | D:1      | Reached XP level 1. HP: 19/19 MP: 0/0
   369 | D:1      | Reached XP level 2. HP: 27/27 MP: 1/1
  1210 | D:2      | Reached XP level 3. HP: 29/33 MP: 2/2
  1648 | D:2      | Found a faded altar of an unknown god.
  2179 | D:3      | Noticed Grinder
  2179 | D:3      | Paralysed by Grinder for 4 turns
  2196 | D:3      | Paralysed by Grinder for 4 turns
  2209 | D:3      | Killed Grinder
  2210 | D:3      | Reached skill level 5 in Fighting
  2210 | D:3      | Reached skill level 5 in Armour
  2210 | D:3      | Reached XP level 4. HP: 22/42 MP: 1/3
  2210 | D:3      | Reached XP level 5. HP: 25/48 MP: 1/4
  2472 | D:3      | Noticed Ijyb
  2479 | D:3      | Killed Ijyb
  2480 | D:3      | Reached XP level 6. HP: 56/56 MP: 5/5
  2670 | D:3      | Noticed aduken's ghost (weakling GnWn)
  2720 | D:3      | Found a runed translucent door.
  3336 | D:4      | Reached skill level 5 in Axes
  3513 | D:4      | Reached XP level 7. HP: 59/62 MP: 6/6
  3627 | D:4      | Found a burning altar of Makhleb.
  3721 | D:4      | Reached skill level 5 in Shields
  3855 | D:4      | Found Plog's Magic Scroll Boutique.
  4197 | D:5      | Entered Level 5 of the Dungeon
  4203 | D:5      | Found an ancient bone altar of Kikubaaqudgha.
  4476 | D:5      | Demolished by an ogre

Illustrated notes

Levels and vault maps discovered:
D:1:      ebering_trefoil_3fold, layout_loops_corners, minmay_quantized
D:2:      layout_loops_corners, basic_ecumenical_altar, serial_park_tiny_pond,
          chequers_serial_rivers_micro_b, minmay_randomly_rotated_circles
D:3:      cheibrodos_thug_alley, layout_basic, hellmonk_ghost_happy_afterlife,
          uniq_grinder, uniq_ijyb
D:4:      layout_loops_ring, mainiacjoe_overflow_brackets, serial_shops,
          kennysheep_mini_moat
D:5:      nicolae_cairo_tiling_very_big, layout_basic,
          mainiacjoe_overflow_alcove_4, serial_undead, serial_undead_c,
          serial_undead_b, serial_undead_b, serial_undead_c, serial_undead_a,
          serial_undead_e, serial_shops, nicolae_square_shop, amethyst_killhole

Skill      XL: |  1  2  3  4  5  6  7 |
---------------+----------------------+-----
Armour         | 4 5 6 |  6.7
Fighting       | 4 5 6 |  6.7
Axes           | 3 4 5 6 |  6.0
Shields        | 4 5 |  5.4

Action                   |  1- 3 |  4- 6 |  7- 9 || total
-------------------------+-------+-------+-------++-------
Melee: War axe           |    71 |    64 |    53 ||   188
       Headbutt          |    10 |     8 |     8 ||    26
Throw: Dart              |     3 |     5 |       ||     8
Armor: Scale mail        |    33 |    29 |    43 ||   105
Dodge: Dodged            |    41 |    27 |    33 ||   101
Block: Buckler           |    16 |    13 |    14 ||    43
